 Dungeon Crawl Stone Soup version 0.18-a0-1312-gf98331d (webtiles) character file.

16623 Oddball22 the Thaumaturge (level 12, -26/59 HPs)
             Began as a Deep Elf Summoner on Feb 14, 2016.
             Was the Champion of Sif Muna.
             Killed from afar by Azrael (46 damage)
             ... with a blast of hellfire
             ... on level 12 of the Dungeon.
             The game lasted 01:17:12 (18628 turns).

Oddball22 the Thaumaturge (Deep Elf Summoner)      Turns: 18628, Time: 01:17:12

Health: -26/59     AC: 10    Str:  5    XL:     12   Next: 11%
Magic:  21/30      EV: 14    Int: 34    God:    Sif Muna [******]
Gold:   1444       SH:  0    Dex: 19    Spells: 8 memorised, 13 levels left

rFire  + . .     SeeInvis .     C - +6 trident (venom)
rCold  + . .     Gourm    +     D - +2 robe {rN+}
rNeg   + . .     Faith    .     (no shield)
rPois  .         Spirit   .     W - +1 hat
rElec  .         Dismiss  .     K - +0 cloak
rCorr  .         Reflect  .     M - +2 pair of gloves of Fufiki {Dex+4}
SustAt .         Harm     .     X - +0 pair of boots
MR     +....                    l - amulet of the gourmand
Stlth  +++++.....               T - ring "Vadghonuo" {rC+ Int+8 Stlth+}
                                g - ring of stealth

@: somewhat resistant to hostile enchantments, quite stealthy
A: fire resistance 1
a: Channel Energy, Forget Spell, Renounce Religion


You were on level 12 of the Dungeon.
You worshipped Sif Muna.
Sif Muna was exalted by your worship.
You were completely stuffed.

You visited 3 branches of the dungeon, and saw 16 of its levels.

You collected 1444 gold pieces.

Inventory:

Hand Weapons
 C - a +6 trident of venom (weapon)
 H - a +4 quarterstaff of chaos
Armour
 y - a +2 robe of cold resistance
 D - a +2 robe of positive energy (worn)
 K - a +0 cloak (worn)
 M - the +2 pair of gloves of Fufiki (worn) {Dex+4}
   (You found it on level 11 of the Dungeon)

   It affects your dexterity (+4).
 P - a +2 robe of resistance
 W - a +1 hat (worn)
 X - a +0 pair of boots (worn)
Magical Staves
 q - an uncursed staff of energy
 t - an uncursed staff of power
Jewellery
 g - a ring of stealth (left hand)
 l - an amulet of the gourmand (around neck)
 z - an uncursed ring of magical power
 J - an uncursed ring of ice
 N - an uncursed ring of sustain attributes
 R - an uncursed ring of flight
 T - the ring "Vadghonuo" (right hand) {rC+ Int+8 Stlth+}
   (You found it on level 8 of the Dungeon)

   [ring of stealth]

   It affects your intelligence (+8).
   It protects you from cold.
   It makes you more stealthy.
 Z - an uncursed ring of protection from cold
Wands
 f - a wand of lightning (5/15)
 r - a wand of flame (31/48)
 F - a wand of confusion (48/48)
Scrolls
 j - a scroll of summoning
 k - a scroll of teleportation
 n - 7 scrolls of remove curse
 p - 2 scrolls of enchant armour
 E - 3 scrolls of recharging
 G - 2 scrolls of fog
 V - a scroll of fear
Potions
 d - a potion of heal wounds
 e - a potion of lignification
 m - a potion of cancellation
 u - a potion of haste
 w - a potion of ambrosia {unknown}
 x - 2 potions of might
 A - 3 potions of curing
 I - a potion of mutation {unknown}
 O - a potion of invisibility
Books
 a - a book of the Dragon

   Spells                             Type                      Level
   a - Flame Tongue                   Conjuration/Fire             1
   b - Cause Fear                     Hexes                        4
   c - Bolt of Fire                   Conjuration/Fire             6
   d - Dragon Form                    Transmutation                7
   e - Dragon's Call                  Summoning                    9
 b - a book of Callings

   Spells                             Type                      Level
   a - Summon Small Mammal            Summoning                    1
   b - Call Imp                       Summoning                    2
   c - Call Canine Familiar           Summoning                    3
   d - Summon Guardian Golem          Hexes/Summoning              3
   e - Summon Lightning Spire         Summoning/Air                4
   f - Summon Ice Beast               Ice/Summoning                4
 B - Sif Muna's Disquisition on the Supportive Oath
   (Sif Muna gifted it to you on level 2 of the Orcish Mines)

   Spells                             Type                      Level
   a - Summon Butterflies             Summoning                    1
   b - Dazzling Spray                 Conjuration/Hexes            3
   c - Spectral Weapon                Hexes/Charms                 3
   d - Inner Flame                    Hexes/Fire                   3
   e - Monstrous Menagerie            Summoning                    7
Miscellaneous
 o - a lantern of shadows
Comestibles
 c - 9 bread rations
 h - a chunk of flesh
 i - 5 meat rations
 s - 4 beef jerkies
 v - 19 fruits
 L - 12 slices of pizza


   Skills:
 + Level 3.5 Dodging
 + Level 3.2 Stealth
 * Level 12.4 Spellcasting
 - Level 9.7 Hexes
 + Level 11.7 Summonings
 - Level 4.8 Translocations
 - Level 4.0 Transmutations
 - Level 7.9 Ice Magic
 - Level 6.6 Air Magic
 - Level 2.5 Earth Magic
 + Level 1.5 Invocations


You had 13 spell levels left.
You knew the following spells:

 Your Spells              Type           Power        Failure   Level  Hunger
b - Call Imp              Summ           #######.     1%          2    None
c - Call Canine Familiar  Summ           #######.     1%          3    None
d - Summon Guardian Gole  Hex/Summ       #######.     1%          3    None
e - Summon Ice Beast      Ice/Summ       ######..     1%          4    None
f - Summon Lightning Spi  Summ/Air       ######..     1%          4    None
g - Blink                 Tloc           N/A          1%          2    None
h - Swiftness             Chrm/Air       #####...     1%          2    None
i - Passwall              Trmt/Erth      #####.....   1%          2    None


Dungeon Overview and Level Annotations

Branches:
Dungeon (13/15)            Temple (1/1) D:5            Lair (0/8) D:10
    Orc (2/2) D:9             Elf (0/3) Orc:2
 Vaults: D:13-14

Altars:
Ashenzari
Cheibriados
Dithmenos
Elyvilon
Fedhas
Gozag
Kikubaaqudgha
Makhleb
Nemelex Xobeh
Okawaru
Pakellas
Qazlal
Ru
Sif Muna
Trog
Vehumet
Xom
Yredelemnul
Zin
The Shining One
Beogh

Shops:
D:9 [   D:10 =   Orc:1 =   Orc:2 *(:[

Annotations:
D:5 Eustachio
D:12 Azrael


Innate Abilities, Weirdness & Mutations

Your flesh is heat resistant.


Message History

You climb upwards.
A crimson imp comes into view.
There is a stone staircase leading down, spattered with blood here.
Casting: Call Canine Familiar
Confirm with . or Enter, or press ? or * to list all spells.
You blink.
Azrael gestures at you.
The hellfire explodes!
The blast of hellfire engulfs you!
The crimson imp shouts!
Casting: Blink
Confirm with . or Enter, or press ? or * to list all spells.
Casting: Call Canine Familiar
Confirm with . or Enter, or press ? or * to list all spells.
Aiming: Summon Lightning Spire
Press: ? - help, Dir - move target cursor An electric hum fills the air.
Azrael gestures at you.
The hellfire explodes!
The blast of hellfire engulfs you!
Ouch! That really hurt!
You die...

.................................
.................................
.................:...............
...........5.)ยง..................
..............R>..........<......
.................................
.................................
.................................
....[.........8.@................
...............h.................
...............................>.
###################..############
#..# #..# #..# #..# #..#


You could see Azrael, a crimson imp, a friendly warg and a friendly lightning
spire.

Vanquished Creatures
  Harold (D:10)
  An orc high priest (Orc:2)
  An orc knight (Orc:2)
  An ugly thing (D:11)
  A queen bee (D:12)
  A troll (Orc:2)
  A human (D:7)
  3 orc warriors (Orc:2)
  2 sky beasts
  A big kobold (D:11)
  4 giant frogs
  A scorpion (D:12)
  3 orc priests
  3 hounds
  3 orc wizards (Orc:2)
  A centaur skeleton (D:8)
  2 jellies
  A giant frog skeleton (D:12)
  An iguana (D:10)
  3 worker ants
  A hound zombie (D:11)
  A hound skeleton (D:6)
  2 adders
  A gnoll (D:10)
  A giant gecko (D:7)
  6 orcs
  A ball python (D:4)
  2 goblins
  2 quokkas
  2 giant newts
  4 rats
58 creatures vanquished.

Vanquished Creatures (collateral kills)
  An orc warlord (Orc:2)
  Josephine (D:10)
  A hydra (D:11)
  2 orc high priests (Orc:2)
  Pikel (D:5)
  An unseen horror (D:11)
  3 orc knights (Orc:2)
  2 deep elf magi (D:12)
  An oklob plant (D:7)
  5 orc sorcerers (Orc:2)
  3 cyclopes
  A centaur zombie (D:11)
  A centaur skeleton (D:12)
  5 trolls
  2 two-headed ogres (Orc:2)
  4 slime creatures (D:12)
  Grinder (D:3)
  A vampire (D:11)
  5 yaks
  7 wraiths
  A water elemental (Orc:2)
  4 wargs (Orc:2)
  3 water moccasins
  25 orc warriors
  Duvessa (D:5)
  5 phantoms
  2 ice beasts
  A slave (D:5)
  A black bear (D:9)
  2 sky beasts
  17 ogres
  An eye of draining (D:11)
  7 centaurs
  A crocodile (D:12)
  Blork the orc (D:5)
  6 giant frogs
  Dowan (D:5)
  2 scorpions (D:6)
  14 killer bees
  5 wights (D:12)
  5 crimson imps
  6 jellies
  A quasit (D:6)
  3 giant frog zombies
  5 hounds
  11 orc wizards
  Crazy Yiuf (D:5)
  A giant frog skeleton (D:10)
  17 orc priests
  An iguana (D:9)
  Natasha (thrice) (D:3)
  7 worker ants
  2 sheep
  A hound skeleton (D:7)
  A worker ant zombie (D:5)
  9 gnolls
  13 adders
  16 oozes
  An adder skeleton (D:4)
  2 worms
  3 giant geckos
  63 orcs
  2 ball pythons
  9 giant cockroaches
  7 goblins
  8 hobgoblins
  14 jackals
  A quokka (D:8)
  6 bats
  6 giant newts
  12 kobolds
  6 rats
  2 plants (D:12)
393 creatures vanquished.

Vanquished Creatures (others)
  A slave (D:5)
  A worker ant (D:9)
  A giant gecko (D:5)
  3 fungi (D:7)
6 creatures vanquished.

Grand Total: 457 creatures vanquished

Notes
Turn   | Place    | Note
--------------------------------------------------------------
     0 | D:1      | Oddball22 the Deep Elf Summoner began the quest for the Orb.
     0 | D:1      | Reached XP level 1. HP: 10/10 MP: 6/6
   407 | D:1      | Reached XP level 2. HP: 13/15 MP: 6/8
   428 | D:1      | Learned a level 2 spell: Call Imp
   836 | D:1      | Reached skill level 5 in Summonings
  1608 | D:2      | Reached XP level 3. HP: 19/19 MP: 2/10
  1613 | D:2      | Learned a level 3 spell: Call Canine Familiar
  1617 | D:2      | Learned a level 3 spell: Summon Guardian Golem
  2149 | D:3      | Noticed Natasha
  2163 | D:3      | Killed Natasha
  2163 | D:3      | Reached XP level 4. HP: 24/24 MP: 6/12
  2200 | D:3      | Found an ancient bone altar of Kikubaaqudgha.
  2480 | D:3      | Noticed a giant frog
  2492 | D:3      | Killed a giant frog
  2492 | D:3      | Reached skill level 6 in Summonings
  2497 | D:3      | Noticed Natasha
  2506 | D:3      | Killed Natasha
  2692 | D:3      | Reached XP level 5. HP: 28/28 MP: 11/14
  2704 | D:3      | Noticed Natasha
  2772 | D:3      | Killed Natasha
  2912 | D:3      | Learned a level 4 spell: Summon Ice Beast
  3072 | D:3      | Noticed Grinder
  3301 | D:3      | Killed Grinder
  3301 | D:3      | Reached skill level 5 in Spellcasting
  3301 | D:3      | Reached skill level 1 in Hexes
  3301 | D:3      | Reached skill level 1 in Ice Magic
  3301 | D:3      | Reached XP level 6. HP: 27/32 MP: 6/16
  3642 | D:4      | Learned a level 4 spell: Summon Lightning Spire
  4457 | D:5      | Entered Level 5 of the Dungeon
  4457 | D:5      | Noticed Blork the orc
  4461 | D:5      | Killed Blork the orc
  4461 | D:5      | Reached XP level 7. HP: 20/36 MP: 11/19
  4749 | D:5      | Noticed Pikel
  4753 | D:5      | Noticed Eustachio
  4769 | D:5      | Killed Pikel
  4769 | D:5      | Reached skill level 7 in Spellcasting
  5340 | D:5      | Reached skill level 8 in Spellcasting
  5416 | D:5      | Found a staircase to the Ecumenical Temple.
  5437 | Temple   | Entered the Ecumenical Temple
  5446 | Temple   | Became a worshipper of Sif Muna the Loreminder
  5471 | D:5      | Reached XP level 8. HP: 30/41 MP: 22/22
  5573 | D:5      | Noticed Duvessa
  5647 | D:5      | Killed Duvessa
  5648 | D:5      | Noticed Dowan
  5657 | D:5      | Killed Dowan
  5833 | D:5      | Noticed Crazy Yiuf
  5840 | D:5      | Killed Crazy Yiuf
  6143 | D:5      | Reached skill level 1 in Air Magic
  6551 | D:6      | Reached skill level 9 in Spellcasting
  6598 | D:6      | Found a burning altar of Makhleb.
  6781 | D:6      | Reached * piety under Sif Muna
  7472 | D:7      | Reached skill level 5 in Hexes
  7622 | D:7      | Found a bloodstained altar of Trog.
  7848 | D:7      | Noticed an oklob plant
  7863 | D:7      | Killed an oklob plant
  7863 | D:7      | Reached ** piety under Sif Muna
  7863 | D:7      | Reached skill level 10 in Spellcasting
  7863 | D:7      | Reached XP level 9. HP: 45/45 MP: 18/25
  8229 | D:8      | Got a pitted platinum ring
  8246 | D:8      | Identified the ring "Vadghonuo" {rC+ Int+8 Stlth+} (You found it on level 8 of the Dungeon)
  8272 | D:8      | Reached skill level 5 in Ice Magic
  8625 | D:8      | Got a scorched rapier
  8999 | D:9      | Found Delixac's Armour Boutique.
  9008 | D:9      | Reached *** piety under Sif Muna
  9033 | D:9      | Found a staircase to the Orcish Mines.
  9534 | D:9      | Reached skill level 11 in Spellcasting
  9782 | D:9      | Identified the +7 rapier "Spiderbane" {pierce, rPois rF+ Str+2 Int+2} (You found it on level 8 of the Dungeon)
  9804 | D:10     | Entered Level 10 of the Dungeon
  9934 | D:10     | Noticed a troll
  9945 | D:10     | Killed a troll
  9950 | D:10     | Found a staircase to the Lair.
 10079 | D:10     | Reached **** piety under Sif Muna
 10268 | D:10     | Found Vaoritti's Jewellery Emporium.
 10404 | D:10     | Reached XP level 10. HP: 50/50 MP: 23/27
 10406 | D:10     | Noticed Josephine
 10408 | D:10     | Killed Josephine
 10531 | D:10     | Noticed Harold
 10559 | D:10     | Killed Harold
 10559 | D:10     | Reached ***** piety under Sif Muna
 10559 | D:10     | Reached skill level 12 in Spellcasting
 10582 | D:10     | Gained mutation: Your flesh is heat resistant. [potion of beneficial mutation]
 10811 | D:10     | Learned a level 2 spell: Blink
 10888 | D:11     | Noticed a purple ugly thing
 10895 | D:11     | Killed a purple ugly thing
 10917 | D:11     | Killed an unseen horror
 10917 | D:11     | Reached skill level 1 in Translocations
 10917 | D:11     | Reached skill level 5 in Air Magic
 11314 | D:11     | Found a radiant altar of Vehumet.
 11497 | D:11     | Noticed a six-headed hydra
 11501 | D:11     | Killed a six-headed hydra
 11504 | D:11     | Got a pair of fine gloves
 11505 | D:11     | Identified the +2 pair of gloves of Fufiki {Dex+4} (You found it on level 11 of the Dungeon)
 11926 | D:12     | Reached skill level 10 in Summonings
 12270 | D:12     | Noticed a cyclops
 12275 | D:12     | Killed a cyclops
 12332 | D:12     | Noticed a deep elf mage
 12340 | D:12     | Killed a deep elf mage
 12357 | D:12     | Noticed a deep elf mage
 12363 | D:12     | Killed a deep elf mage
 12474 | D:12     | Reached XP level 11. HP: 48/54 MP: 29/29
 12978 | D:12     | Reached ****** piety under Sif Muna
 13329 | D:12     | Received a gift from Sif Muna
 13334 | D:12     | Learned a level 2 spell: Swiftness
 13337 | D:12     | Learned a level 2 spell: Passwall
 13581 | D:13     | Noticed Azrael
 13887 | Orc:1    | Entered Level 1 of the Orcish Mines
 14200 | Orc:2    | Entered Level 2 of the Orcish Mines
 14293 | Orc:2    | Noticed an orc knight
 14302 | Orc:2    | Noticed an orc sorcerer
 14316 | Orc:2    | Killed an orc knight
 14366 | Orc:2    | Identified 2 scrolls of acquirement
 14450 | Orc:2    | Killed an orc sorcerer
 14454 | Orc:2    | Noticed an orc high priest
 14466 | Orc:2    | Killed an orc high priest
 14475 | Orc:2    | Noticed an orc knight
 14492 | Orc:2    | Killed an orc knight
 14811 | Orc:2    | Noticed an orc warlord
 14842 | Orc:2    | Killed an orc warlord
 14877 | Orc:2    | Noticed an orc sorcerer
 14882 | Orc:2    | Killed an orc sorcerer
 14884 | Orc:2    | Found a roughly hewn altar of Beogh.
 14889 | Orc:2    | Noticed an orc knight
 15180 | Orc:2    | Found Heato's General Store.
 15211 | Orc:2    | Killed an orc knight
 15338 | Orc:2    | Found Sannupyg's Book Shop.
 15388 | Orc:2    | Noticed an orc high priest
 15390 | Orc:2    | Noticed an orc sorcerer
 15395 | Orc:2    | Noticed an orc sorcerer
 15398 | Orc:2    | Noticed an orc sorcerer
 15400 | Orc:2    | Reached skill level 1 in Transmutations
 15414 | Orc:2    | Noticed a soul eater
 15421 | Orc:2    | Killed an orc sorcerer
 15635 | Orc:1    | Found Ruclagg's Jewellery Emporium.
 15697 | Orc:1    | Reached skill level 1 in Earth Magic
 15772 | Orc:2    | Killed an orc sorcerer
 16072 | Orc:2    | Killed an orc high priest
 16074 | Orc:2    | Killed an orc sorcerer
 16074 | Orc:2    | Received a gift from Sif Muna
 16075 | Orc:2    | Noticed a sun demon
 16075 | Orc:2    | Identified Sif Muna's Disquisition on the Supportive Oath (Sif Muna gifted it to you on level 2 of the Orcish Mines)
 16097 | Orc:2    | Found Wuttodar's Antique Weapon Shop.
 16641 | Orc:2    | Found Awnasi Ziew's Antique Armour Shop.
 16693 | Orc:2    | Found a staircase to the Elven Halls.
 16945 | Orc:1    | Noticed an orc high priest
 17382 | Orc:1    | Noticed an orc knight
 17531 | Orc:2    | Reached XP level 12. HP: 19/59 MP: 17/30
 17759 | Orc:2    | Killed an orc high priest
 17759 | Orc:2    | Reached skill level 1 in Invocations
 18623 | D:13     | Noticed a death knight
 18628 | D:12     | Killed from afar by Azrael

Vault maps used:
D:1:      onia_arrival_larder
D:3:      kiku_gazebo_pond_becter, uniq_natasha, uniq_grinder
D:5:      minmay_temple_entry_overgrown, first_bread, minmay_misc_feat_square,
          minmay_strange_pillars, uniq_eustachio, uniq_duvessa, uniq_pikel,
          uniq_blork_the_orc, uniq_crazy_yiuf_cottage
D:6:      makhleb_heckhound_becter
D:7:      lemuel_slime, grunt_livestock, minmay_holes, corexii_leaking_fountain,
          hangedman_decor_points, trog_hazing_becter
D:9:      orc_0_dummy, serial_shops, nicolae_shop_stone,
          lemuel_flamethrower_hall
D:10:     lair_0_dummy, serial_shops, nicolae_shop_waterfront,
          minmay_misc_feat_ornament, uniq_josephine, uniq_harold
D:11:     basic_altar
D:12:     nicolae_looking_at_the_future
D:13:     uniq_maurice, uniq_azrael, uniq_kirke
Temple:   nicolae_temple_no_exploring_needed
Orc:1:    serial_shops, nicolae_shop_stone
Orc:2:    grunt_orc_cross, nicolae_orc_stony_grotto

Action                   |  1- 3 |  4- 6 |  7- 9 | 10-12 || total
-------------------------+-------+-------+-------+-------++-------
Melee: Unarmed           |    52 |    56 |       |       ||   108
       Trident           |       |       |   108 |   180 ||   288
 Cast: Summon Small Mamm |    56 |       |       |       ||    56
       Call Imp          |    13 |    11 |     1 |     3 ||    28
       Call Canine Famil |     7 |    38 |    39 |    80 ||   164
       Summon Guardian G |       |     4 |     2 |     7 ||    13
       Summon Lightning  |       |     4 |    33 |    77 ||   114
       Blink             |       |       |       |    23 ||    23
       Summon Ice Beast  |       |       |       |     2 ||     2
       Swiftness         |       |       |       |     1 ||     1
Invok: Forget Spell      |       |       |       |     1 ||     1
  Use: Scroll            |       |     1 |    15 |     7 ||    23
       Potion            |       |       |     2 |    14 ||    16
 Stab: Sleeping          |     1 |       |    13 |     4 ||    18
       Distracted        |       |       |     4 |     6 ||    10
  Eat: Chunk             |    12 |    13 |    18 |    28 ||    71
